Map: Dash and Terminal LE (Void)

Players

llllllllll - Winner!

  • Race: Zerg Zerg
  • League: Platinum

DominiC

  • Race: Protoss Protoss
  • League: Diamond

VOD

Have the link to the VOD?

Description

protoss had 0 clue about army composition

Time

  • Played on: Oct. 25, 2015, 10:52 p.m.
  • Length: 22:55
Show
View Real Time Build Order
Export as new Build Order

llllllllll Zerg - Winner!

Build Orders: Hatch First 

Get SALT Encoding   

  12  0:01  Drone  
  13  0:12  Overlord  
  13  0:17  Drone  
  14  0:31  Drone x2  
  16  0:51  Hatchery  
  16  0:53  Drone  
  16  0:56  Drone  
  17  1:00  Extractor  
  17  1:02  Drone  
  17  1:18  Spawning Pool  
  16  1:19  Drone  
  16  1:23  Drone  
  18  1:30  Drone  
  19  1:43  Overlord  
  19  1:51  Drone  
  20  2:04  Queen  
  20  2:05  Queen  
  24  2:10  Metabolic Boost  
  24  2:12  Zergling x4  
  26  2:19  Drone x2  
  28  2:23  Drone  
  28  2:26  Drone  
  30  2:33  Drone  
  31  2:38  Drone  
  32  2:46  Overlord  
  32  2:47  Drone  
  33  2:55  Drone  
  33  2:56  Hatchery  
  33  2:59  Drone  
  33  3:05  Drone  
  35  3:08  Overlord  
  35  3:15  Drone x2  
  35  3:17  Overlord, Drone x2  
  35  3:18  Drone  
  35  3:19  Drone  
  41  3:28  Overlord  
  41  3:29  Drone  
  42  3:35  Queen  
  42  3:36  Drone  
  42  3:38  Roach Warren  
  44  3:41  Overlord  
  44  3:44  Drone  
  45  3:51  Drone  
  45  3:52  Drone x5  
  51  3:59  Overlord, Drone  
  52  4:03  Extractor  
  51  4:10  Extractor  
  51  4:15  Evolution Chamber, Overlord, Drone x2  
  51  4:19  Lair  
  51  4:22  Overlord, Drone x3  
  51  4:23  Drone  
  54  4:36  Drone x5  
  59  4:39  Overlord  
  59  4:41  Roach  
  61  4:49  Drone x5  
  61  4:50  Drone  
  61  4:51  Zerg Missile Weapons Level 1  
  67  4:58  Evolution Chamber  
  67  4:59  Overlord  
  66  5:06  Overlord, Drone x2  
  68  5:07  Extractor  
  68  5:10  Extractor  
  68  5:12  Drone x2  
  68  5:15  Spore Crawler  
  68  5:16  Glial Reconstitution  
  67  5:22  Hatchery  
  67  5:23  Spore Crawler, Zerg Melee Weapons Level 1  
  67  5:25  Drone  
  67  5:26  Drone  
  67  5:27  Drone  
  67  5:28  Drone x4  
  72  5:33  Overseer  
  72  5:35  Overlord, Zergling x2  
  72  5:36  Zergling x4  
  72  5:41  Pneumatized Carapace  
  75  5:43  Zergling x6  
  75  5:44  Overseer  
  75  5:47  Queen  
  80  5:51  Zergling x6  
  83  5:59  Roach x4  
  83  6:00  Roach  
  83  6:01  Zergling x2  
  83  6:03  Spore Crawler  
  93  6:08  Zergling x8  
  97  6:12  Overlord, Roach  
  97  6:15  Roach x2  
  97  6:18  Zergling x6  
  106  6:21  Zergling x2  
  107  6:26  Zergling x4  
  107  6:30  Overlord  
  107  6:31  Zergling x6  
  112  6:40  Spire, Infestation Pit  
  112  6:43  Spine Crawler x2  
  112  6:46  Spore Crawler  
  107  6:48  Overlord, Zergling x6  
  107  6:49  Zergling x6  
  107  6:52  Drone x2  
  115  7:04  Overlord, Roach x2  
  115  7:05  Roach x2  
  115  7:06  Zergling x4  
  125  7:12  Overlord, Zergling x2  
  125  7:13  Zergling x4  
  128  7:19  Drone x4, Spore Crawler  
  128  7:20  Drone x2  
  133  7:23  Ravager x6  
  133  7:24  Ravager  
  133  7:29  Hive  
  140  7:42  Overlord  
  140  7:43  Zerg Ground Armor Level 1, Zerg Melee Weapons Level 2  
  140  7:45  Zergling x10  
  145  7:52  Drone x3  
  145  7:55  Extractor  
  145  7:56  Drone  
  145  7:57  Drone x2, Spine Crawler x2  
  145  7:58  Drone  
  149  8:06  Drone x3  
  149  8:07  Drone x5  
  157  8:26  Overlord  
  156  8:33  Pathogen Glands  
  156  8:41  Extractor  
  156  8:43  Extractor  
  154  8:49  Ravager x3  
  154  8:50  Ravager x3  
  154  8:51  Hatchery  
  159  8:56  Ultralisk Cavern  
  159  9:00  Spine Crawler  
  157  9:03  Spine Crawler  
  157  9:07  Overlord x2  
  156  9:13  Spine Crawler, Zergling x26  
  156  9:14  Zergling x24  
  180  9:23  Spore Crawler  
  179  9:26  Adrenal Glands  
  179  9:27  Spore Crawler  
  179  9:30  Neural Parasite  
  177  9:55  Ultralisk x3, Chitinous Plating  
  177  9:59  Zergling x10  
  200  10:10  Hatchery  
  191  10:21  Ultralisk  
  191  10:26  Zerg Ground Armor Level 2  
  191  10:27  Zerg Melee Weapons Level 3  
  196  10:54  Infestor x4  
  196  11:16  Overseer  
  196  11:17  Overseer  
  192  11:22  Infestor  
  192  11:23  Infestor x3  
  197  11:58  Spore Crawler  
  196  12:20  Spine Crawler  
  196  12:22  Spine Crawler  
  188  12:52  Greater Spire  
  188  12:55  Spine Crawler  
  188  12:57  Drone x3, Extractor  
  188  12:58  Drone x2  
  191  12:59  Extractor  
  191  13:00  Ultralisk  
  191  13:03  Zerg Ground Armor Level 3  
  196  13:12  Spine Crawler  
  196  13:13  Drone x2  
  196  13:14  Drone, Spine Crawler  
  197  13:31  Spore Crawler  
  193  13:59  Overseer  
  193  14:00  Overseer  
  193  14:01  Corruptor x4  
  200  14:33  Zerg Flyer Weapons Level 1  
  200  14:36  Spire  
  176  15:46  Ultralisk x6  
  167  16:59  Ultralisk x4  
  167  17:00  Ultralisk x8  
  192  17:20  Ultralisk  
  198  17:32  Spine Crawler  
  198  17:33  Spine Crawler x2  
  198  17:36  Zerg Flyer Weapons Level 2  
  195  17:37  Zerg Flyer Armor Level 1  
  195  17:48  Spore Crawler  
  181  18:24  Viper x6  
  193  18:34  Viper x3  
  192  19:06  Corruptor x3  
  192  19:07  Corruptor  
  152  20:34  Ultralisk x4  
  152  20:48  Zergling x30  
  152  20:49  Zergling x40  
  187  21:06  Hatchery  
  148  22:15  Ultralisk  
  148  22:16  Ultralisk x4  
  157  22:33  Zergling x20  
  157  22:34  Zergling x4  
Show
View Real Time Build Order
Export as new Build Order

DominiC Protoss 

Build Orders: Nexus First, Blink Stalkers 

Get SALT Encoding   

  12  0:01  Probe (Chrono Boost)  
  13  0:11  Probe (Chrono Boost)  
  14  0:22  Pylon  
  14  0:23  Probe (Chrono Boost)  
  15  0:41  Probe (Chrono Boost)  
  16  0:51  Probe (Chrono Boost)  
  17  1:02  Probe (Chrono Boost), Nexus  
  18  1:12  Probe (Chrono Boost)  
  18  1:17  Gateway  
  19  1:23  Probe (Chrono Boost)  
  20  1:29  Pylon  
  20  1:33  Probe (Chrono Boost)  
  20  1:36  Assimilator  
  21  1:44  Probe (Chrono Boost)  
  22  1:54  Probe (Chrono Boost)  
  22  1:59  Assimilator  
  23  2:05  Cybernetics Core, Probe (Chrono Boost)  
  24  2:14  Zealot  
  27  2:15  Probe (Chrono Boost)  
  27  2:16  Pylon  
  27  2:21  Probe (Chrono Boost)  
  28  2:26  Probe (Chrono Boost)  
  29  2:32  Probe (Chrono Boost)  
  29  2:36  Probe (Chrono Boost)  
  31  2:42  Probe (Chrono Boost)  
  31  2:43  Sentry, Gateway  
  33  2:46  Warp Gate  
  33  2:48  Probe (Chrono Boost)  
  34  3:00  Gateway  
  34  3:01  Mothership Core (Chrono Boost)  
  34  3:03  Probe (Chrono Boost)  
  37  3:14  Probe (Chrono Boost)  
  39  3:20  Probe (Chrono Boost)  
  39  3:22  Twilight Council  
  39  3:24  Probe (Chrono Boost)  
  40  3:30  Probe (Chrono Boost)  
  40  3:32  Assimilator  
  41  3:35  Probe (Chrono Boost), Assimilator  
  41  3:39  Pylon  
  41  3:41  Probe (Chrono Boost)  
  43  3:45  Probe (Chrono Boost)  
  44  3:51  Probe (Chrono Boost)  
  45  3:56  Probe (Chrono Boost)  
  45  3:59  Blink (Chrono Boost)  
  45  4:02  Probe (Chrono Boost)  
  47  4:05  Probe (Chrono Boost)  
  47  4:07  Gateway  
  47  4:09  Gateway  
  48  4:13  Probe  
  48  4:15  Probe  
  50  4:25  Probe  
  51  4:34  Probe, Robotics Facility  
  52  4:39  Nexus  
  52  4:42  Pylon  
  52  4:45  Forge  
  52  4:48  Pylon  
  52  4:56  Pylon  
  52  4:57  Probe  
  52  4:59  Probe  
  54  5:02  Pylon  
  54  5:05  Sentry x2  
  54  5:06  Sentry  
  58  5:07  Sentry  
  58  5:08  Sentry, Probe  
  58  5:13  Pylon  
  58  5:14  Pylon  
  63  5:17  Protoss Ground Weapons Level 1 (Chrono Boost)  
  63  5:24  Immortal (Chrono Boost)  
  67  5:30  Stalker  
  67  5:31  Stalker  
  67  5:33  Probe  
  67  5:35  Probe  
  73  5:38  Stalker  
  75  5:46  Probe  
  75  5:47  Sentry  
  75  5:49  Probe  
  79  5:52  Pylon  
  79  5:57  Probe  
  79  5:58  Probe  
  79  5:59  Observer (Chrono Boost), Robotics Bay  
  79  6:03  Probe  
  83  6:07  Probe  
  84  6:11  Pylon  
  84  6:14  Stalker x3  
  90  6:22  Observer (Chrono Boost)  
  91  6:28  Probe  
  92  6:40  Probe  
  92  6:44  Photon Cannon  
  92  6:45  Photon Cannon  
  92  6:47  Gateway  
  93  6:48  Disruptor (Chrono Boost)  
  93  6:52  Resonating Glaives (Chrono Boost)  
  93  6:53  Probe  
  96  6:54  Probe x2  
  96  6:56  Assimilator  
  99  7:01  Assimilator  
  99  7:06  Stalker x5, Gateway  
  99  7:07  Gateway  
  109  7:23  Disruptor  
  109  7:25  Gateway  
  109  7:26  Gateway  
  109  7:27  Probe x2  
  109  7:28  Probe, Gateway  
  115  7:37  Probe  
  115  7:39  Probe  
  116  7:45  Stalker x4  
  116  7:46  Stalker  
  116  7:49  Protoss Ground Weapons Level 2  
  128  7:59  Disruptor  
  129  8:11  Pylon  
  129  8:12  Pylon  
  129  8:14  Pylon  
  129  8:17  Stalker x2  
  129  8:18  Stalker  
  135  8:21  Stalker  
  135  8:22  Stalker  
  139  8:27  Stalker  
  141  8:38  Stalker x2  
  145  8:51  Colossus  
  145  8:52  Extended Thermal Lance  
  151  9:02  Stalker x3, Nexus  
  153  9:03  Stalker x2  
  153  9:04  Pylon  
  161  9:21  Gateway  
  161  9:23  Pylon  
  161  9:30  Gateway, Robotics Facility  
  161  9:41  Pylon  
  161  9:45  Colossus  
  167  10:07  Protoss Ground Weapons Level 3  
  167  10:25  Colossus  
  173  10:38  Warp Prism  
  175  10:56  Zealot x3  
  181  10:57  Zealot x3  
  184  11:06  Zealot  
  184  11:07  Zealot x2  
  184  11:09  Zealot  
  191  11:14  Colossus  
  189  11:28  Photon Cannon x2  
  189  11:30  Colossus, Photon Cannon  
  195  11:36  Pylon  
  195  11:38  Pylon  
  195  11:40  Pylon  
  195  11:42  Dark Shrine  
  185  11:49  Assimilator  
  185  11:51  Assimilator  
  181  12:07  Colossus  
  187  12:10  Zealot  
  187  12:11  Zealot x5  
  198  12:29  Protoss Ground Armor Level 1  
  198  12:59  Dark Templar  
  198  13:32  Dark Templar  
  200  13:41  Stargate  
  200  13:43  Stargate  
  200  13:45  Stargate  
  200  13:49  Templar Archives, Protoss Air Weapons Level 1  
  200  13:51  Pylon  
  200  13:54  Gateway  
  199  13:59  Nexus  
  197  14:35  Stargate  
  197  14:36  Stargate x2  
  197  15:05  Zealot  
  199  15:42  Colossus x3  
  199  16:03  Pylon  
  199  16:08  Pylon  
  199  16:14  Stargate x2  
  199  16:25  Archon x3  
  199  16:26  Archon x6  
  199  16:27  Archon  
  199  16:29  Stargate  
  199  16:30  Stargate  
  199  16:35  Fleet Beacon  
  122  17:02  Void Ray (Chrono Boost)  
  122  17:04  Void Ray x3 (Chrono Boost)  
  108  17:10  Void Ray (Chrono Boost)  
  108  17:11  Stalker x4  
  108  17:12  Stalker x5  
  108  17:13  Stalker x4  
  108  17:15  Void Ray x2 (Chrono Boost)  
  130  17:35  Protoss Air Weapons Level 2  
  130  17:37  Nexus  
  130  17:41  Pylon  
  130  17:44  Void Ray (Chrono Boost), Pylon  
  150  17:51  Void Ray x2 (Chrono Boost)  
  150  17:52  Void Ray (Chrono Boost)  
  150  17:55  Void Ray x2 (Chrono Boost)  
  150  17:57  Void Ray (Chrono Boost)  
  156  18:21  Void Ray (Chrono Boost)  
  180  18:34  Nexus, Void Ray x5 (Chrono Boost)  
  184  18:50  Void Ray (Chrono Boost)  
  182  18:59  Void Ray (Chrono Boost)  
  186  19:11  Protoss Shields Level 1  
  194  19:17  Void Ray x2 (Chrono Boost)  
  194  19:43  Dark Templar x5  
  102  19:54  Dark Templar  
  102  19:55  Dark Templar x2  
  102  19:56  Dark Templar x2  
  102  20:20  Archon x2  
  102  20:22  Archon  
  98  20:52  Archon  
  98  21:04  Nexus  
  94  21:07  Immortal (Chrono Boost)  
  102  21:35  Immortal (Chrono Boost)  
  83  21:58  Zealot  
  76  22:02  Zealot  
Tags
 
Add a new tag
Caveats
  • Supply blocks, unpowered buildings, or Contaminate may cause inaccurate times.
  • Supply counts are checked every 10 seconds.